 Dungeon Crawl Stone Soup version 0.28.0 (webtiles) character file.

Game seed: 12737463731916395274

10 Ge0ff the Sneak (level 2, 0/16 HPs)
             Began as a Vine Stalker Delver on Feb 16, 2022.
             Slain by a hound (4 damage)
             ... on level 5 of the Dungeon.
             The game lasted 00:00:47 (175 turns).

Ge0ff the Sneak (Vine Stalker Delver)                Turns: 175, Time: 00:00:47

Health: 0/16       AC:  3    Str: 14    XL:     2   Next: 20%
Magic:  0/3        EV: 11    Int: 10    God:
Gold:   24         SH:  0    Dex: 15    Spells: 1/1 levels left

rFire   . . .      SeeInvis .     - Unarmed
rCold   . . .      Faith    .   (no shield)
rNeg    . . .      Spirit   +   a - +0 leather armour
rPois   .          Reflect  .   (no helmet)
rElec   .          Harm     .   (no cloak)
rCorr   .          Rampage  .   (no gloves)
Will    .....                   (no boots)
Stlth   +++.......              (no amulet)
HPRegen 0.05/turn               (no ring)
MPRegen 0.08/turn               (no ring)

@: hasted, very quick
A: fangs 2, magic shield, antimagic bite, no potion heal 2
a: no special abilities


You were on level 5 of the Dungeon.
You visited 1 branch of the dungeon, and saw 2 of its levels.

You collected 24 gold pieces.

Inventory:

Armour
 a - a +0 leather armour (worn)
Wands
 d - a wand of digging (3)
Scrolls
 m - a scroll of magic mapping
 E - a scroll of fear
 F - a scroll of fog
 I - a scroll of holy word {unknown}


   Skills:
 - Level 2.6 Fighting
 - Level 1.5 Dodging
 - Level 6.0 Stealth
 + Level 2.8 Unarmed Combat


You had one spell level left.
You didn't know any spells.
Your spell library was empty.

Dungeon Overview and Level Annotations

Branches:
Dungeon (6/15)
 Temple: D:4-7

Altars:

Annotations:
D:5 Ijyb


Innate Abilities, Weirdness & Mutations

You have extremely sharp teeth.
When hurt, damage is shared between your health and your magic reserves.
Your bite disrupts and absorbs the magic of your enemies.
Potions cannot restore your health.


Message History

You hit Ijyb. Your bite misses Ijyb.
Ijyb is lightly wounded.
You hit Ijyb but do no damage. You bite Ijyb, but do no damage.
Ijyb is lightly wounded.
Ijyb hits you with a +0 club.
You hit Ijyb but do no damage.
Ijyb is lightly wounded.
Ijyb hits you with a +0 club.
You hit Ijyb.
Ijyb is lightly wounded.
You hit Ijyb but do no damage.
Ijyb is lightly wounded.
Ijyb closely misses you.
You hit Ijyb but do no damage.
Ijyb is lightly wounded.
You hit Ijyb but do no damage. You bite Ijyb, but do no damage.
Ijyb is lightly wounded.
Ijyb zaps a wand.
The bolt of acid misses you.
You hit Ijyb but do no damage. Your bite misses Ijyb.
Ijyb is lightly wounded.
A hound comes into view.
You barely miss Ijyb.
The hound barks!
You bite Ijyb, but do no damage.
Ijyb is lightly wounded.
Ijyb zaps a wand.
The bolt of acid misses you.
You closely miss Ijyb.
Ijyb is lightly wounded.
Ijyb zaps a wand.
The bolt of acid misses you.
You hit Ijyb but do no damage. Your bite misses Ijyb.
Ijyb is lightly wounded.
You barely miss Ijyb. You bite Ijyb, but do no damage.
Ijyb is lightly wounded.
Ijyb barely misses you.
You hit Ijyb but do no damage.
Ijyb is lightly wounded.
Ijyb hits you with a +0 club.
You closely miss Ijyb. You punch Ijyb, but do no damage.
You bite Ijyb, but do no damage.
Ijyb is lightly wounded.
You barely miss Ijyb.
Ijyb is lightly wounded.
Ijyb screams, "Me stronger than you!" Ijyb hits you with a +0 club.
* * * LOW HITPOINT WARNING * * *
The hound bites you.
You die...

.....# #.# .#
####.# #.########.#
.....###..........#
.###.##...######..#
.###.#.....#.###..#
..................#
####.###.###.###.##
...# #.# ### #h#
.....# #.# #@#
###### #.......g.#
#.######### .#


You could see Ijyb and a hound.

Vanquished Creatures
  A howler monkey skeleton (D:6)
1 creature vanquished.

Notes
Turn   | Place    | Note
-------+----------+-------------------------------------------
     0 | D:5      | Ge0ff the Vine Stalker Delver began the quest for the Orb.
     0 | D:5      | Reached XP level 1. HP: 11/11 MP: 2/2
    12 | D:6      | Reached XP level 2. HP: 12/16 MP: 3/3
   152 | D:5      | Noticed Ijyb
   175 | D:5      | Slain by a hound

Illustrated notes

Levels and vault maps discovered:
D:5:      layout_loops_corners, kennysheep_generic_room_5, uniq_ijyb
D:6:      layout_rooms, serial_shops, nicolae_shop_stone,
          nicolae_shop_window_shopping, nicolae_stop_n_shop_1

Action                   || total
-------------------------++-------
Melee: Unarmed           ||    22
       Bite              ||    11
       Punch             ||     1
  Use: Potion            ||     1
Armor: Leather armour    ||     1
Dodge: Dodged            ||     6
